 Dungeon Crawl Stone Soup version 0.18-a0-721-g8fc53f4 (console) character file.

105 siepu the Insei (level 4, -1/28 HPs)
             Began as an Octopode Transmuter on Dec 8, 2015.
             Slain by a kobold
             ... wielding a cursed -1 blowgun
              (2 damage)
             ... on level 3 of the Dungeon.
             The game lasted 00:05:12 (2220 turns).

siepu the Insei (Octopode Transmuter)               Turns: 2220, Time: 00:05:13

Health: -1/28      AC:  4    Str:  9      XL:     4   Next: 83%
Magic:  7/7        EV: 12    Int: 20 (21) God:
Gold:   113        SH:  0    Dex: 12      Spells: 3 memorised, 1 level left

rFire  . . .     SeeInvis .       - Unarmed
rCold  . . .     Clarity  .     (no shield)
rNeg   . . .     SustAt   .     (helmet restricted)
rPois  .         Gourm    .     (no amulet)
rElec  .         Spirit   .     s - +3 ring of protection
rCorr  .         Dismiss  .     (no ring)
rMut   .         Stasis   .     w - ring of stealth
MR     .....                    (no ring)
Stlth  +++.......               (no ring)
                                (no ring)
                                (no ring)
                                (no ring)

@: brilliant, lethally poisoned (-1 -> -21), slowed, very slow, not resistant to
hostile enchantments, fairly stealthy
A: almost no armour, amphibious, 8 rings, constrict 8, camouflage 1, gelatinous
body 1
a: no special abilities


You were on level 3 of the Dungeon.
You were not hungry.

You visited 1 branch of the dungeon, and saw 3 of its levels.

You collected 113 gold pieces.

Inventory:

Missiles
 a - 37 arrows
Jewellery
 s - a +3 ring of protection (left tentacle)
 w - a ring of stealth (on tentacle)
Scrolls
 g - 3 scrolls of magic mapping
 i - a scroll of remove curse
 j - 3 scrolls of identify
 m - 3 scrolls of fear
 o - a scroll of enchant weapon {unknown}
 r - a scroll of enchant armour {unknown}
 x - 3 scrolls of noise {unknown}
 y - a scroll of amnesia {unknown}
Potions
 d - a potion of brilliance
 e - a potion of cancellation {unknown}
 f - a potion of invisibility {unknown}
 h - a potion of curing {unknown}
 p - a potion of resistance {unknown}
 q - a potion of degeneration
 t - a potion of cure mutation {unknown}
 u - a potion of poison {unknown}
 v - a potion of agility {unknown}
Books
 b - a book of Changes

   Spells                             Type                      Level
   a - Beastly Appendage              Transmutation                1
   b - Sticks to Snakes               Transmutation                2
   c - Spider Form                    Transmutation/Poison         3
   d - Ice Form                       Ice/Transmutation            4
   e - Blade Hands                    Transmutation                5
Comestibles
 c - 2 bread rations
 k - 3 meat rations
 l - 3 fruits
 n - 2 beef jerkies
 z - 4 chunks of flesh


   Skills:
 - Level 1.0 Fighting
 - Level 2.0 Dodging
 + Level 5.4 Unarmed Combat
 - Level 2.0 Spellcasting
 - Level 2.0 Transmutations


You had one spell level left.
You knew the following spells:

 Your Spells              Type           Power        Failure   Level  Hunger
a - Beastly Appendage     Trmt           ###...       1%          1    #......
b - Sticks to Snakes      Trmt           ###.....     1%          2    ##.....
c - Spider Form           Trmt/Pois      ###.......   3%          3    ###....


Dungeon Overview and Level Annotations

Branches:
Dungeon (3/15)

Altars:
Nemelex Xobeh


Innate Abilities, Weirdness & Mutations

You cannot wear most types of armour.
You are amphibious.
You can wear up to eight rings at the same time.
You can use your tentacles to constrict eight enemies at once.
Your skin changes colour to match your surroundings (Stealth).
Your rubbery body absorbs attacks (AC +1).


Message History

You feel as though you will be slow longer.
You see here a curare-tipped needle.
* * * LOW HITPOINT WARNING * * *
You feel very sick.
The kobold hits you with an enchanted blowgun.
* * * LOW HITPOINT WARNING * * *
Drink which item? (? for menu, Esc to quit)
It was a potion of brilliance.
You feel clever all of a sudden.
* * * LOW HITPOINT WARNING * * *
You feel very sick. The kobold misses you. The kobold barely misses you.
Drink which item? (? for menu, Esc to quit)
It was a potion of degeneration.
There was something very wrong with that liquid.
You feel dopey.
* * * LOW HITPOINT WARNING * * *
You feel sick.
The kobold hits you with an enchanted blowgun.
You die...

*,,....................
****#.....###.#########
*#....# #..........
#....# #######....
##....# #.....#....
#....(# #.###.#....
#####...(†###.###.#....
#.(....(......#...#.###
#.####@...#####.##....#
*,#..K.....# #.##....#
*,###......# #.......#
*,,........#**####...##
**#########..,,**###.#
*<,*#..,**,>*.#
*,,,*..,*,,,*.#
***,,*,,,*+,**##
*,***,,,,,***** *


You could see a kobold.

Vanquished Creatures
  Natasha (D:3)
  3 adders
  A giant gecko (D:1)
  7 bats
  3 giant cockroaches
  8 hobgoblins
  2 giant newts (D:3)
  11 goblins
  12 kobolds
  5 rats
53 creatures vanquished.

Notes
Turn   | Place    | Note
--------------------------------------------------------------
     0 | D:1      | siepu the Octopode Transmuter began the quest for the Orb.
     0 | D:1      | Reached XP level 1. HP: 13/13 MP: 3/3
   274 | D:1      | Reached XP level 2. HP: 15/18 MP: 5/5
   553 | D:1      | Reached skill level 4 in Unarmed Combat
   558 | D:1      | Reached XP level 3. HP: 16/23 MP: 6/6
  1167 | D:2      | Found a sparkling altar of Nemelex Xobeh.
  1760 | D:3      | Noticed Natasha
  1766 | D:3      | Killed Natasha
  1766 | D:3      | Reached skill level 5 in Unarmed Combat
  1766 | D:3      | Reached XP level 4. HP: 9/28 MP: 7/7
  1970 | D:3      | Learned a level 2 spell: Sticks to Snakes
  1974 | D:3      | Learned a level 3 spell: Spider Form
  2015 | D:3      | Found a faded altar to an unknown god.
  2220 | D:3      | HP: 1/28 [poisoned by kobold (curare-tipped needle)]
  2220 | D:3      | Slain by a kobold

Vault maps used:
D:1:      roderic_chinese_lattice_arrival
D:2:      nemelex_deck, first_bread
D:3:      ecumenical_altar_1, grunt_ministairs_6, uniq_natasha

Action                   |  1- 3 |  4- 6 || total
-------------------------+-------+-------++-------
Melee: Unarmed           |    85 |    19 ||   104
  Use: Scroll            |     4 |       ||     4
       Potion            |       |     2 ||     2
 Stab: Sleeping          |     8 |     4 ||    12
       Distracted        |     1 |       ||     1
  Eat: Chunk             |     3 |     1 ||     4
